 Dungeon Crawl Stone Soup version 0.29-a0-234-g0dae59b3db (webtiles) character file.

Game seed: 4905965212258660084

7 spaghetti the Charlatan (level 2, 20/25 HPs)
             Began as a Naga Artificer on Mar 3, 2022.
             Was a Follower of Trog.
             Quit the game on level 1 of the Dungeon.
             The game lasted 00:00:48 (497 turns).

spaghetti the Charlatan (Naga Artificer)             Turns: 497, Time: 00:00:48

Health: 20/25      AC:  2    Str: 14    XL:     2   Next: 4%
Magic:  1/3        EV:  9    Int: 11    God:    Trog [*.....]
Gold:   25         SH:  0    Dex: 11    Spells: 2/2 levels left

rFire   . . .      SeeInvis +   a - +0 club {mace}
rCold   . . .      Faith    .   (no shield)
rNeg    . . .      Spirit   .   b - +0 leather armour
rPois   +          Reflect  .   (no helmet)
rElec   .          Harm     .   (no cloak)
rCorr   .          Rampage  .   (no gloves)
Will    .....                   (no barding)
Stlth   +.........              (no amulet)
HPRegen 0.08/turn               g - ring of wizardry
MPRegen 0.08/turn               (no ring)

@: very slow
A: AC +0, large, see invisible, deformed body, poison resistance, slowness 2,
spit poison 1, naga tail 1
a: Spit Poison, Renounce Religion, Berserk


You were on level 1 of the Dungeon.
You worshipped Trog.
Trog was aware of your devotion.
You visited 1 branch of the dungeon, and saw 1 of its levels.

You collected 25 gold pieces.


Innate Abilities, Weirdness & Mutations

Your serpentine skin is tough. (AC +0)
You have supernaturally acute eyesight. (SInv)
Armour fits poorly on your strangely shaped body.
Your system is resistant to poisons. (rPois)
You cover ground very slowly.
You can spit poison.
You have a snake-like lower body.


   Skills:
 - Level 1.6 Fighting
 - Level 1.5 Armour
 - Level 0.7 Dodging
 - Level 1.5 Stealth
 - Level 0.8 Spellcasting
 - Level 3.0 Evocations


You had 2 spell levels left.
You didn't know any spells.
Your spell library contained the following spells:

 Spells                   Type           Power      Damage    Failure   Level
 Sting                    Tmut/Pois      0%         1d3       16%         1
 Poisonous Vapours        Pois/Air       0%         N/A       24%         2
 Olgreb's Toxic Radiance  Pois           0%         N/A       82%         4

Inventory:

Hand Weapons
 a - a +0 club (weapon) {mace}
Missiles
 f - 5 stones {throwing}
Armour
 b - a +0 leather armour (worn)
Jewellery
 g - a ring of wizardry (left hand)
   (You found it on level 1 of the Dungeon)
Wands
 c - a wand of flame (8) (quivered)
 d - a wand of charming (15)
Potions
 h - a potion of heal wounds {unknown}
Miscellaneous
 e - a piece from Xom's chessboard (15/15)

Dungeon Overview and Level Annotations

Branches:
Dungeon (1/15)

Altars:
Trog

### ...
####.####
####.......#
.....8.⌠.8.#
#.......$#
#.⌠.@.⌠.#
#.......#
#.8.⌠.8.#####
#...........#
###...†.....#
#.........#
#.........#
#.........#
#.........#


There were no monsters in sight!


Message History

The bat hits you but does no damage.
Aiming: Throw Flame
Press: ? - help, Q - select action, (/) - cycle Shift-Dir - straight line, f/p - bat
Aim: a bat (moderately wounded, 57% to hit)
The puff of flame hits the bat!
You kill the bat! 😱 HP[+1]
Okay, then.
You start resting.
You have got your breath back. 😎 HP[+14]
Your hp is fully restored (18).
You start waiting.
Done waiting.
A bat comes into view.
A bat is nearby!
A bat is nearby!
The bat hits you but does no damage. The bat completely misses you.
The bat barely misses you. The bat hits you.
The bat hits you but does no damage. The bat completely misses you.
The bat hits you but does no damage. The bat hits you.
You barely miss the bat.
The bat hits you but does no damage. 😕 HP[-2]
You take 2 damage, and now have 16/18 hp.
You hit the bat. The bat closely misses you.
The bat barely misses you. 😕 HP[+1]
You closely miss the bat. The bat closely misses you.
The bat hits you. 😕 HP[-1]
You take 1 damage, and now have 16/18 hp.
You hit the bat.
You kill the bat!
No target in view!
No target in view!
No target in view!
No target in view!
No target in view!
No target in view!
No target in view!
No target in view!
No target in view!
No target in view!
No target in view!
No target in view!
You now have 25 gold pieces (gained 16). 2 jackals come into view.
Found a faded altar of an unknown god.
The jackal barks! 😎 HP[+2]
Your hp is fully restored (18).
There are monsters nearby!
There are monsters nearby!
There are monsters nearby!
The jackal bites you. x2 😮 HP[-5]
You take 5 damage, and now have 13/18 hp.
MASSIVE DAMAGE!! (PAUSE)
Aiming: Throw Flame
Press: ? - help, Q - select action, (/) - cycle Shift-Dir - straight line, f - jackal
Aim: a jackal (64% to hit)
The puff of flame misses the jackal.
The jackal bites you but does no damage.
Aiming: Throw Flame
Press: ? - help, Q - select action, (/) - cycle Shift-Dir - straight line, f/p - jackal
Aim: a jackal (64% to hit)
The puff of flame hits the jackal.
The jackal closely misses you.
Aiming: Throw Flame
Press: ? - help, Q - select action, (/) - cycle Shift-Dir - straight line, f/p - jackal
Aim: a jackal (heavily wounded, 64% to hit)
The puff of flame hits the jackal.
You kill the jackal!
Aiming: Throw Flame
Press: ? - help, Q - select action, (/) - cycle Shift-Dir - straight line, f/p - jackal
Aim: a jackal (heavily wounded, 64% to hit)
The puff of flame hits the jackal.
You kill the jackal!
You have reached level 2! 😕 HP[+6]
You now have 25 max hp (+7).
You regained 6 hp, and now have 19/25 hp.
There is a faded altar of an unknown god here.
You cannot tell which god this altar belongs to.
Convert to them anyway?
Trog accepts your prayer! Trog welcomes you!
You can now go berserk at will. 😕 HP[+1] Unknown command.
Press < or > to pray at altars.
Are you sure you want to abandon this character and quit the game? (Confirm with "yes".)
Okay, then.
Unknown command.
Press < or > to pray at altars.
Unknown command.
Press < or > to pray at altars.
Unknown command.
Press < or > to pray at altars.
Unknown command.
Press < or > to pray at altars.
Are you sure you want to abandon this character and quit the game? (Confirm with "yes".)

Action                   || total
-------------------------++-------
Melee: Club              ||    25
 Abil: Spit Poison       ||     1
Evoke: Wand              ||     7
Armor: Leather armour    ||    29
Dodge: Dodged            ||    35

Levels and vault maps discovered:
D:1:      giann_forest_graveyard, layout_basic,
          hellmonk_ecumenical_altar_dog_temple

Notes
Turn   | Place    | Note
-------+----------+-------------------------------------------
     0 | D:1      | spaghetti the Naga Artificer began the quest for the Orb.
     0 | D:1      | Reached XP level 1. HP: 18/18 MP: 1/1
     0 | D:1      | magus.rc [v1.9.6]
    13 | D:1      | You add the spells Sting, Poisonous Vapours and Olgreb's
                  | Toxic Radiance to your library.
    95 | D:1      | HP: 4/18 [giant cockroach (1)]
   484 | D:1      | Found a faded altar of an unknown god.
   491 | D:1      | Reached XP level 2. HP: 19/25 MP: 1/3
   496 | D:1      | Prayed at the altar of an unknown god.
   496 | D:1      | Became a worshipper of Trog the Wrathful
   496 | D:1      | Reached * piety under Trog
   497 | D:1      | Quit the game

Vanquished Creatures
  An endoplasm (D:1)
  A giant cockroach (D:1)
  2 jackals (D:1)
  2 bats (D:1)
  A rat (D:1)
7 creatures vanquished.

Table legend:
 A = Non-vault XP
 B = Vault XP
 C = Vault XP percentage of total XP
 D = Non-vault monster count
 E = Vault monster count
 F = Vault count percentage of total count
                 A         B        C        D         E       F
            +---------+---------+-------+---------+---------+-------
      Total |       7 |       4 |  36.4 |       5 |       2 |  28.6
            +---------+---------+-------+---------+---------+-------
        D:1 |       7 |       4 |  36.4 |       5 |       2 |  28.6
            +---------+---------+-------+---------+---------+-------

Illustrated notes

Table legend:
 A = Kills in this place as a percentage of kills in entire the game.
 B = Kills by you in this place as a percentage of kills by you in the entire game.
 C = Kills by friends in this place as a percentage of kills by friends in the entire game.
 D = Other kills in this place as a percentage of other kills in the entire game.
 E = Experience gained in this place as a percentage of experience gained in the entire game.
 F = Experience gained in this place divided by the number of levels of this place that you have seen.
                   A       B       C       D       E      F
               +-------+-------+-------+-------+-------+----------------------
         Total | 100.0 | 100.0 |   N/A |   N/A | 100.0 |  11.0
       Dungeon | 100.0 | 100.0 |   N/A |   N/A | 100.0 |  11.0
               +-------+-------+-------+-------+-------+----------------------

Table legend: (Time is in decaauts)
 A = Elapsed time spent in this place.
 B = Non-inter-level travel time spent in this place.
 C = Inter-level travel time spent in this place.
 D = Time resting spent in this place.
 E = Time spent auto-exploring this place.
 F = Levels seen in this place.
 G = Mean time per level.
                   A        B        C        D        E       F      G
               +--------+--------+--------+--------+--------+-----+--------+
         Total |    541 |    541 |      0 |    333 |    125 |   1 |  541.0 |
       Dungeon |    541 |    541 |      0 |    333 |    125 |   1 |  541.0 |
               +--------+--------+--------+--------+--------+-----+--------+

Top non-repeatable levels by time:
     D:1: 541 daAuts
